 Dungeon Crawl Stone Soup version 0.29.1-15-g9cfb28693d (webtiles) character file.

Game seed: 6531316805857014129

1187 KittyFluff the Cudgeller (level 8, -2/73 HPs)
             Began as a Gargoyle Berserker on Apr 16, 2023.
             Was an Elder of Trog.
             Slain by Duvessa
             ... wielding a +0 short sword
              (10 damage)
             ... on level 6 of the Dungeon.
             The game lasted 00:24:56 (5681 turns).

KittyFluff the Cudgeller (Gargoyle Berserker)       Turns: 5681, Time: 00:24:56

Health: -2/73      AC: 13    Str: 27    XL:     8   Next: 43%
Magic:  8/8        EV: 13    Int:  8    God:    Trog [****..]
Gold:   138        SH:  0    Dex: 14    Spells: 7/7 levels left

rFire   . . .      SeeInvis +   a - +0 mace
rCold   . . .      Faith    .   (no shield)
rNeg    + . .      Spirit   .   v - +0 leather armour "Honnyex" {Regen+ Dex+3 SInv}
rPois   ∞          Reflect  .   b - +1 helmet
rElec   +          Harm     .   s - +0 cloak
rCorr   .          Rampage  .   y - +0 pair of gloves
Will    .....                   (no boots)
Stlth   ..........              f - amulet of regeneration
HPRegen 1.82/turn               g - +4 ring of slaying
MPRegen 0.11/turn               D - +6 ring of strength

@: berserking, very quick
A: sickness immunity, AC +5, negative energy resistance 1, electricity
resistance, torment resistance 1, petrification resistance
a: Renounce Religion, Berserk, Trog's Hand, Brothers in Arms


You were on level 6 of the Dungeon.
You worshipped Trog.
Trog was greatly pleased with you.
You visited 1 branch of the dungeon, and saw 6 of its levels.

You collected 352 gold pieces.
You spent 214 gold pieces at shops.

Inventory:

Hand Weapons
 a - a +0 mace (weapon)
 m - a +0 sling
Missiles
 w - 4 boomerangs (quivered)
Armour
 b - a +1 helmet (worn)
 s - a +0 cloak (worn)
 v - the +0 leather armour "Honnyex" (worn) {Regen+ Dex+3 SInv}
   (You bought it in a shop on level 3 of the Dungeon)

   Dex:       It affects your dexterity (+3).
   SInv:      It lets you see invisible.
   Regen:     It increases your rate of health regeneration.
 y - a +0 pair of gloves (worn)
 B - an orb of wrath
Jewellery
 d - a ring of fire
 f - an amulet of regeneration (around neck)
 g - a +4 ring of slaying (left hand)
 D - a +6 ring of strength (right hand)
Wands
 l - a wand of roots (4)
 p - a wand of mindburst (12)
 u - a wand of quicksilver (8)
 F - a wand of flame (20)
Scrolls
 c - 2 scrolls of magic mapping {unknown}
 h - a scroll of noise {unknown}
 i - 3 scrolls of enchant weapon {unknown}
 k - 2 scrolls of butterflies {unknown}
 o - 4 scrolls of teleportation {unknown}
 q - 3 scrolls of blinking {unknown}
 r - 3 scrolls of amnesia {unknown}
 x - 2 scrolls of fear {unknown}
 C - a scroll of immolation {unknown}
 E - 3 scrolls of identify
Potions
 e - 4 potions of curing
 j - 3 potions of might
 n - a potion of magic
 t - a potion of resistance
 z - a potion of cancellation
 A - a potion of attraction {unknown}
 G - a potion of flight {unknown}
 H - 2 potions of heal wounds {unknown}
 I - a potion of mutation {unknown}


   Skills:
 + Level 5.2 Fighting
 + Level 7.5 Maces & Flails
 * Level 5.0 Armour
 + Level 3.3 Dodging
 + Level 2.0 Stealth


You had 7 spell levels left.
You didn't know any spells.
Your spell library was empty.

Dungeon Overview and Level Annotations

Branches:
Dungeon (6/15)             Temple (0/1) D:4

Altars:

Shops:
D:3 [

Annotations:
D:6 Duvessa, Grinder


Innate Abilities, Weirdness & Mutations

You are immune to sickness and miasma.
Your stone body is resilient. (AC +5)
You are immune to poison.
You resist negative energy. (rN+)
You are resistant to electric shocks. (rElec)
You are resistant to unholy torment.
You are immune to petrification.


Message History

You hit Duvessa.
Duvessa is lightly wounded.
Duvessa misses you.
You hit Duvessa.
Duvessa is lightly wounded.
Duvessa hits you with a +0 short sword! Duvessa closely misses you.
You barely miss Duvessa.
Duvessa is lightly wounded.
Duvessa closely misses you.
You hit Duvessa.
Duvessa is moderately wounded.
Duvessa hits you with a +0 short sword! Duvessa hits you with a +0 short sword.
You hit Duvessa.
Duvessa is moderately wounded.
Duvessa closely misses you.
You barely miss Duvessa.
Duvessa is moderately wounded.
Duvessa barely misses you. Duvessa misses you.
You closely miss Duvessa.
Duvessa is moderately wounded.
Duvessa hits you with a +0 short sword.
You sock Duvessa!
Duvessa is heavily wounded.
Duvessa closely misses you. Duvessa hits you with a +0 short sword.
You thump Duvessa!
Duvessa is severely wounded.
Duvessa hits you but does no damage. x2
You hit Duvessa.
Duvessa is severely wounded.
Duvessa hits you with a +0 short sword!
* * * LOW HITPOINT WARNING * * *
You thump Duvessa!
Duvessa is almost dead.
Duvessa hits you with a +0 short sword.
* * * LOW HITPOINT WARNING * * *
Duvessa hits you but does no damage.
A red film seems to cover your vision as you go berserk!
You feel yourself moving faster!
You feel mighty! Duvessa hits you with a +0 short sword!
You die...

##.....#
#.#...############ ....
#....#....#......# .#.#
#...#.....#......# .....
#.##.....##......##.e#..
#.##..#..#.............
#........#..#####.<$.
########....####..##
#####@e...#
######....#####
#..)...#### #...####
#...# #>..# #####


You could see Duvessa (berserk).

Vanquished Creatures
  Sigmund (D:6)
  A water moccasin (D:5)
  An ice beast (D:6)
  A phantom (D:4)
  A necrophage (D:5)
  2 scorpions
  Dowan (D:6)
  3 jellies
  2 hounds (D:5)
  An orc priest (D:5)
  2 iguanas (D:4)
  2 orc wizards
  9 gnolls
  3 adders
  An ufetubus (D:4)
  3 worms
  2 dart slugs
  8 orcs
  4 ball pythons
  12 bats
  10 endoplasms
  4 giant cockroaches
  6 hobgoblins
  2 quokkas
  4 frilled lizards
  12 goblins
  10 kobolds
  6 rats
114 creatures vanquished.

Notes
Turn   | Place    | Note
-------+----------+-------------------------------------------
     0 | D:1      | KittyFluff the Gargoyle Berserker began the quest for the
                  | Orb.
     0 | D:1      | Reached XP level 1. HP: 14/14 MP: 1/1
   150 | D:1      | Reached XP level 2. HP: 16/19 MP: 2/2
   992 | D:2      | Reached XP level 3. HP: 24/24 MP: 3/3
  1024 | D:2      | Reached ** piety under Trog
  1186 | D:2      | Found a faded altar of an unknown god.
  1280 | D:2      | Reached XP level 4. HP: 29/29 MP: 4/4
  1754 | D:3      | Found a transporter.
  1798 | D:3      | Found a transporter.
  2104 | D:3      | Reached skill level 4 in Maces & Flails
  2411 | D:3      | Found Purifoig's Armour Boutique.
  2533 | D:3      | Reached *** piety under Trog
  2576 | D:3      | Reached skill level 1 in Stealth
  2576 | D:3      | Reached XP level 5. HP: 9/33 MP: 5/5
  3015 | D:3      | HP: 1/33 [orc priest/divine providence (15)]
  3341 | D:3      | Bought the +0 leather armour "Honnyex" {Regen+ Dex+3 SInv}
                  | for 214 gold pieces
  4107 | D:4      | Noticed a phantom
  4110 | D:4      | Reached XP level 6. HP: 16/38 MP: 6/6
  4121 | D:4      | Reached skill level 5 in Maces & Flails
  4268 | D:4      | Found a staircase to the Ecumenical Temple.
  4356 | D:5      | Entered Level 5 of the Dungeon
  4571 | D:5      | Reached XP level 7. HP: 41/44 MP: 7/7
  4875 | D:5      | Reached skill level 6 in Maces & Flails
  5196 | D:6      | Noticed Duvessa
  5197 | D:6      | Noticed Dowan
  5198 | D:6      | Noticed Grinder
  5368 | D:6      | Reached XP level 8. HP: 48/48 MP: 8/8
  5402 | D:6      | Noticed Sigmund
  5416 | D:6      | Killed Sigmund
  5416 | D:6      | Reached **** piety under Trog
  5417 | D:6      | Reached skill level 5 in Fighting
  5417 | D:6      | Reached skill level 7 in Maces & Flails
  5642 | D:6      | Killed Dowan
  5643 | D:6      | Reached skill level 5 in Armour
  5681 | D:6      | Slain by Duvessa

Illustrated notes

Levels and vault maps discovered:
D:1:      giann_wishing_wells, layout_basic
D:2:      minmay_inner_zag, layout_loops_ring,
          hellmonk_ecumenical_altar_lost_god
D:3:      gammafunk_wand_slinger, layout_basic, serial_shops, shop, st_stairs_8,
          kennysheep_generic_room_5
D:4:      layout_layer_cave, minmay_temple_entry_wispy, minmay_starry_boxes
D:5:      layout_basic
D:6:      layout_rooms, hangedman_decor_riveting, minmay_misc_feat_rows,
          hangedman_abyss_or_decor_jellyfish_corner, minmay_misc_feat_five,
          uniq_sigmund, uniq_duvessa, uniq_grinder

Skill      XL: |  1  2  3  4  5  6  7  8 |
---------------+-------------------------+-----
Dodging        | 2 3 |  3.3
Fighting       | 4 5 |  5.2
Maces & Flails | 4 5 6 7 |  7.5
Armour         | 3 4 5 |  5.0
Stealth        | 1 2 |  2.0

Action                   |  1- 3 |  4- 6 |  7- 9 || total
-------------------------+-------+-------+-------++-------
Melee: Mace              |    85 |   160 |    99 ||   344
       Punch             |       |     1 |     1 ||     2
Invok: Berserk           |       |     2 |     1 ||     3
  Use: Scroll            |       |     7 |       ||     7
 Stab: Sleeping          |     1 |     3 |       ||     4
Armor: Animal skin       |    38 |    18 |       ||    56
       Leather armour    |       |    24 |    41 ||    65
Dodge: Dodged            |    79 |    92 |    77 ||   248
